 Dungeon Crawl Stone Soup version 0.26-a0-682-g294304f6e8 (webtiles) character file.

Game seed: 5094758445456904244

365 grandjackal the Slasher (level 6, -4/48 HPs)
             Began as a Demonspawn Gladiator on Oct 22, 2020.
             Slain by Blork the orc
             ... wielding a +1 mace of protection
              (7 damage)
             ... on level 4 of the Dungeon.
             The game lasted 00:03:47 (3852 turns).

grandjackal the Slasher (Demonspawn Gladiator)      Turns: 3852, Time: 00:03:47

Health: -4/48      AC:  5    Str: 16    XL:     6   Next: 40%
Magic:  6/6        EV: 13    Int:  9    God:
Gold:   187        SH:  0    Dex: 15    Spells: 5/5 levels left

rFire    . . .     SeeInvis .   a - +0 long sword
rCold    . . .     Faith    .   (no shield)
rNeg     . . .     Spirit   .   h - +0 ring mail
rPois    .         Reflect  .   (helmet restricted)
rElec    .         Harm     .   (no cloak)
rCorr    .         Rampage  .   (no gloves)
MR       .....                  (no boots)
Stlth    +.........             (no amulet)
HPRegen  0.16/turn              (no ring)
MPRegen  0.10/turn              (no ring)

@: no status effects
A: antennae 1, powered by pain 2
a: no special abilities


You were on level 4 of the Dungeon.
You visited 1 branch of the dungeon, and saw 4 of its levels.

You collected 187 gold pieces.

Inventory:

Hand Weapons
 a - a +0 long sword (weapon)
 t - a +3 dagger
Missiles
 d - 3 throwing nets
 s - 3 curare-tipped darts (quivered)
Armour
 h - a +0 ring mail (worn)
 m - a +0 kite shield
Wands
 q - a wand of acid (17)
Scrolls
 b - 5 scrolls of remove curse {unknown}
 i - 2 scrolls of amnesia {unknown}
 k - 3 scrolls of teleportation {unknown}
 l - 3 scrolls of identify {unknown}
 n - 2 scrolls of fog {unknown}
 p - a scroll of blinking {unknown}
 r - a scroll of magic mapping {unknown}
 v - a scroll of immolation {unknown}
Potions
 c - a potion of heal wounds {unknown}
 e - a potion of cancellation {unknown}
 f - 2 potions of curing {unknown}
 g - a potion of brilliance {unknown}
 j - 2 potions of invisibility {unknown}
 o - a potion of stabbing {unknown}
 u - a potion of berserk rage {unknown}
 w - a potion of might {unknown}


   Skills:
 + Level 3.8 Fighting
 + Level 4.1 Long Blades
 - Level 1.7 Throwing
 + Level 4.0 Dodging
 + Level 2.4 Shields


You had 5 spell levels left.
You didn't know any spells.
Your spell library was empty.

Dungeon Overview and Level Annotations

Branches:
Dungeon (4/15)
 Temple: D:4-7

Altars:
Gozag
Ru
Xom

Shops:
D:4 [

Annotations:
D:4 Blork the orc


Innate Abilities, Weirdness & Mutations

You have a pair of small antennae on your head.
You sometimes gain power by taking damage.


Message History

Blork the orc is severely wounded.
Blork the orc casts a spell at you. The puff of flame hits you.
* * * LOW HITPOINT WARNING * * *
You hit Blork the orc but do no damage.
Blork the orc is severely wounded.
Blork the orc closely misses you.
Unknown command.
You hit Blork the orc but do no damage.
Blork the orc is almost dead.
Blork the orc closely misses you.
Unknown command.
You barely miss Blork the orc.
Blork the orc is almost dead.
Blork the orc barely misses you.
Unknown command.
You closely miss Blork the orc.
Blork the orc is almost dead.
Blork the orc hits you with a +1 mace of protection!
You die...

###.##.# #...... #.#
..^^^o #.# #.^_^ #.#
#.^. #.# ##..
#.######.o##
#.#.......@#
#.#.[......#
####.#.######.#
##.#....######.#####
###.......##.......(.#
##.....>.....###.###.#
....#.#.#.#### #.# #.#
###...#.#.# #.# #.#
#######.#.. ..# #.#


You could see Blork the orc (fast, poisoned, slow).

Vanquished Creatures
  An ogre (D:4)
  An orc wizard (D:4)
  A hound (D:4)
  Ijyb (D:4)
  2 worker ants (D:4)
  7 adders
  3 oozes
  2 worms (D:3)
  A leopard gecko (D:4)
  2 orcs (D:3)
  A ball python (D:4)
  A giant cockroach (D:2)
  5 goblins
  6 hobgoblins
  6 jackals (D:4)
  A quokka (D:2)
  13 bats
  A frilled lizard (D:4)
  5 kobolds
  13 rats
73 creatures vanquished.

Notes
Turn   | Place    | Note
-------+----------+-------------------------------------------
     0 | D:1      | grandjackal the Demonspawn Gladiator began the quest for
                  | the Orb.
     0 | D:1      | Reached XP level 1. HP: 16/16 MP: 1/1
   328 | D:1      | Gained mutation: You sometimes gain a little power by
                  | taking damage. [demonic ancestry]
   328 | D:1      | Reached XP level 2. HP: 21/22 MP: 2/2
   910 | D:2      | Gained mutation: You have a pair of small antennae on your
                  | head. [demonic ancestry]
   910 | D:2      | Reached XP level 3. HP: 26/28 MP: 3/3
  1351 | D:2      | Reached XP level 4. HP: 34/34 MP: 4/4
  1562 | D:3      | Reached skill level 1 in Shields
  1962 | D:3      | Found an opulent altar of Gozag.
  2575 | D:4      | Noticed Ijyb
  2577 | D:4      | Killed Ijyb
  2577 | D:4      | Gained mutation: You sometimes gain power by taking damage.
                  | [demonic ancestry]
  2577 | D:4      | Reached XP level 5. HP: 41/41 MP: 5/5
  2634 | D:4      | Found a sacrificial altar of Ru.
  2706 | D:4      | Found Tics's Antique Armour Emporium.
  2860 | D:4      | Noticed an ogre
  2876 | D:4      | Killed an ogre
  2876 | D:4      | Reached XP level 6. HP: 26/48 MP: 6/6
  3830 | D:4      | Found a shimmering altar of Xom.
  3831 | D:4      | Noticed Blork the orc
  3848 | D:4      | HP: 2/48 [Blork the orc/puff of flame (6)]
  3852 | D:4      | Slain by Blork the orc

Illustrated notes

Levels and vault maps discovered:
D:1:      beargit_arrival_greenhouse, layout_basic
D:2:      layout_basic
D:3:      layout_loops_ring, grunt_gozag_statues
D:4:      layout_loops_corners, xom_teletrap_fun, serial_shops, shop_fountains,
          minivault_14, nicolae_ru_great_annihilating_truth, uniq_ijyb,
          uniq_blork_the_orc

Skill      XL: |  1  2  3  4  5  6 |
---------------+-------------------+-----
Long Blades    | 3 4 |  4.1
Dodging        | 3 4 |  4.0
Shields        | 1 2 |  2.4
Fighting       | 3 |  3.8
Throwing       | |  1.7

Action                   |  1- 3 |  4- 6 || total
-------------------------+-------+-------++-------
Melee: Long sword        |    99 |   159 ||   258
Throw: Dart              |       |     5 ||     5
Evoke: Wand              |       |     2 ||     2
 Stab: Sleeping          |     1 |       ||     1
       Invisible         |       |     1 ||     1
       Paralysed         |       |     1 ||     1
Armor: Leather armour    |    13 |       ||    13
       Ring mail         |    45 |    44 ||    89
Dodge: Dodged            |    92 |   115 ||   207
       Rpst.: Long sword |    26 |    38 ||    64

Table legend: (Time is in decaauts)
 A = Elapsed time spent in this place.
 B = Non-inter-level travel time spent in this place.
 C = Inter-level travel time spent in this place.
 D = Time resting spent in this place.
 E = Time spent auto-exploring this place.
 F = Levels seen in this place.
 G = Mean time per level.
                   A        B        C        D        E       F      G
               +--------+--------+--------+--------+--------+-----+--------+
         Total |   3908 |   3850 |     58 |   1230 |   2018 |   4 |  977.0 |
       Dungeon |   3908 |   3850 |     58 |   1230 |   2018 |   4 |  977.0 |
               +--------+--------+--------+--------+--------+-----+--------+

Top non-repeatable levels by time:
     D:4: 1315 daAuts
     D:3: 1020 daAuts
     D:2: 827 daAuts
     D:1: 745 daAuts
